 Dungeon Crawl Stone Soup version 0.19-a0-1504-g818868b (webtiles) character file.

245 AlphabetPasta the Skirmisher (level 6, 0/52 HPs)
             Began as a Ghoul Abyssal Knight on Sept 10, 2016.
             Was a Believer of Lugonu.
             Killed by a spatial distortion (1 damage)
             ... on level 4 of the Dungeon.
             The game lasted 00:13:00 (2446 turns).

AlphabetPasta the Skirmisher (Ghoul Abyssal Knight) Turns: 2446, Time: 00:13:00

Health: 0/52       AC: 10    Str: 18    XL:     6   Next: 10%
Magic:  7/7        EV: 10    Int:  7    God:    Lugonu [**....]
Gold:   96         SH:  0    Dex:  8    Spells: 0 memorised, 5 levels left

rFire  . . .     SeeInvis .     a - +2 falchion
rCold  + . .     Gourm    .     j - +0 scale mail
rNeg   + + +     Faith    .     (no shield)
rPois  ∞         Spirit   .     l - +1 helmet
rElec  .         Dismiss  .     (no cloak)
rCorr  .         Reflect  .     n - +0 pair of gloves
MR     .....     Harm     .     (no boots)
Stlth  ..........               (no amulet)
                                (no ring)
                                (no ring)

@: rotting
A: rotting body, claws 1, carnivore 3, cold resistance 1, negative energy
resistance 3, slow regeneration 1, torment resistance, unbreathing
a: Depart the Abyss, Bend Space, Renounce Religion


You were on level 4 of the Dungeon.
You worshipped Lugonu.
Lugonu was pleased with you.
You were not hungry.

You visited 1 branch of the dungeon, and saw 4 of its levels.
You visited the Abyss 1 time.

You collected 96 gold pieces.

Inventory:

Hand Weapons
 a - a +2 falchion (weapon)
Armour
 b - a +0 leather armour
 j - a +0 scale mail (worn)
 l - a +1 helmet (worn)
 n - a +0 pair of gloves (worn)
 r - a +0 ring mail
 u - a +0 plate armour
Wands
 v - a wand of paralysis (6/24)
Scrolls
 e - 2 scrolls of teleportation
 h - a scroll of amnesia
 i - a scroll of remove curse
Potions
 d - 2 potions of flight {unknown}
 f - 2 potions of brilliance
 k - a potion of lignification {unknown}
 o - a potion of curing
 t - a potion of mutation {unknown}
 w - a potion of haste {unknown}
Comestibles
 c - 2 meat rations
 g - 3 chunks of flesh
 m - a beef jerky
 s - a royal jelly


   Skills:
 + Level 4.1 Fighting
 * Level 3.5 Long Blades
 + Level 2.8 Armour
 + Level 1.9 Dodging
 + Level 3.4 Invocations


You had 5 spell levels left.
You didn't know any spells.

Dungeon Overview and Level Annotations

Branches:
Dungeon (4/15)
 Temple: D:4-7

Altars:
Cheibriados
Trog


Innate Abilities, Weirdness & Mutations

Your body is rotting away.
You thrive on raw meat.
You are immune to poison.
You have sharp fingernails.
You are carnivorous and can eat meat at any time.
Your flesh is cold resistant. (rC+)
You are immune to negative energy. (rN+++)
You regenerate slowly when monsters are visible.
You are immune to unholy pain and torment.
You can survive without breathing.


Message History

The ogre is heavily wounded.
You barely miss the ogre.
The ogre is heavily wounded.
The ogre hits you with a giant club.
You hit the ogre.
The ogre is severely wounded.
The ogre hits you but does no damage.
You hit the ogre.
The ogre is almost dead.
The ogre hits you with a giant club!!
You closely miss the ogre.
The ogre is almost dead.
The ogre hits you with a giant club!
* * * LOW HITPOINT WARNING * * *
You hit the ogre.
The ogre is almost dead.
The ogre hits you with a giant club!
* * * LOW HITPOINT WARNING * * *
Space bends around you!
You blink.
You die...

#.** ##......[....* #..# ##.#**
##............* ##.. #....##*
###.............***...
***#...###......§O.......**,.#*
*,**#...........%.......,,****
*,* ###.................,** *
*,** ##................** **,,*
##...............* *,,,*
##...@.#########* *,,,**
##....#,,,>,,,* **,,,*
##...#,*,,,*,* *,,,***
##..#,,,,,,,* *,,,,,*
##.#,*,,,*,* *,,,,,**
*##,,,,,,,* **,,,,,* *,*,,,*,*
*,,,,,** *,,,,,,,* **,,,,,,*
****,****


You could see an ogre.

Vanquished Creatures
  A giant frog (D:3)
  A scorpion (D:4)
  A centaur skeleton (D:4)
  3 adders
  A worm (D:2)
  3 dart slugs
  4 orcs (D:3)
  A ball python (D:1)
  6 bats
  4 giant cockroaches
  10 goblins
  7 hobgoblins
  9 jackals
  6 kobolds
  A quokka (D:3)
  A giant newt (D:1)
  5 rats
64 creatures vanquished.

Notes
Turn   | Place    | Note
-------+----------+-------------------------------------------
     0 | Abyss:1  | AlphabetPasta the Ghoul Abyssal Knight began the quest for the Orb.
     0 | Abyss:1  | Reached XP level 1. HP: 19/19 MP: 1/1
    92 | Abyss:1  | Noticed a worldbinder
    93 | D:1      | Escaped the Abyss
   225 | D:1      | Reached skill level 1 in Dodging
   244 | D:1      | Reached * piety under Lugonu
   247 | D:1      | Reached XP level 2. HP: 20/26 MP: 2/2
   475 | D:1      | Reached XP level 3. HP: 28/31 MP: 3/3
  1063 | D:2      | Found a snail-covered altar of Cheibriados.
  1167 | D:2      | Reached XP level 4. HP: 39/40 MP: 5/5
  1173 | D:2      | Reached ** piety under Lugonu
  1650 | D:3      | Found a bloodstained altar of Trog.
  1961 | D:3      | Noticed a giant frog
  1982 | D:3      | Killed a giant frog
  1982 | D:3      | Reached skill level 4 in Fighting
  1982 | D:3      | Reached XP level 5. HP: 19/46 MP: 6/6
  2294 | D:4      | Reached XP level 6. HP: 31/52 MP: 7/7
  2445 | D:4      | HP: 1/52 [ogre/giant club (8)]
  2446 | D:4      | Killed by a spatial distortion

Vault maps used:
D:1:      scummos_arrival_forest
D:2:      lemuel_doored_altar
D:3:      bloody_trog
D:4:      gammafunk_temple_overflow_elements, first_bread, grunt_ministairs_3,
          kennysheep_generic_room_12

Skill      XL: |  1  2  3  4 |
---------------+-------------+-----
Dodging        | 1 |  1.9
Long Blades    | 2 3 |  3.5
Armour         | 2 |  2.8
Fighting       | 4 |  4.1
Invocations    | 3 |  3.4

Action                   |  1- 3 |  4- 6 || total
-------------------------+-------+-------++-------
Melee: Falchion          |   127 |   168 ||   295
Invok: Depart the Abyss  |     1 |       ||     1
  Use: Potion            |       |     2 ||     2
       Scroll            |       |     8 ||     8
  Eat: Chunk             |    33 |    27 ||    60
Armor: Leather armour    |    23 |    13 ||    36
       Ring mail         |       |    33 ||    33
       Scale mail        |       |     1 ||     1
Dodge: Dodged            |    53 |    73 ||   126
